 Dungeon Crawl Stone Soup version 0.27-a0-1308-gc08437e49b (webtiles) character file.

Game seed: 4556548777093566276

925 ipx the Firebug (level 7, 0/54 HPs)
             Began as a Deep Elf Fire Elementalist on June 19, 2021.
             Was a Follower of Vehumet.
             Slain by a white ugly thing (12 damage)
             ... on level 7 of the Dungeon.
             The game lasted 00:41:15 (2353 turns).

ipx the Firebug (Deep Elf Fire Elementalist)        Turns: 2353, Time: 00:41:16

Health: 0/54       AC: 23    Str:  5    XL:     7   Next: 84%
Magic:  17/22      EV:  2    Int: 22    God:    Vehumet [*.....]
Gold:   276        SH:  0    Dex: 15    Spells: 4/12 levels left

rFire    + . .     SeeInvis .   a - staff of fire
rCold    . . .     Faith    .   (no shield)
rNeg     + + +     Spirit   .   (armour currently unavailable)
rPois    +         Reflect  .   (helmet currently unavailable)
rElec    .         Harm     .   (cloak currently unavailable)
rCorr    .         Rampage  .   (gloves currently unavailable)
Will     .....     NoTele   +   (boots currently unavailable)
Stlth    +++.......             J - amulet of magic regeneration
HPRegen  0.18/turn              P - ring of magical power
MPRegen  0.43/turn              (no ring)

@: tree-form
A: stationary, stasis, torment immunity, boosted hp
a: Renounce Religion


You were on level 7 of the Dungeon.
You worshipped Vehumet.
Vehumet was aware of your devotion.
You were a tree.
You visited 2 branches of the dungeon, and saw 8 of its levels.

You collected 276 gold pieces.

Inventory:

Hand Weapons
 b - a +0 short sword of venom
 Q - a +1 spear of distortion
Missiles
 q - 5 silver javelins
Armour
 c - a +0 pair of gloves (melded)
 h - a +0 robe (melded)
 n - a +0 buckler
Magical Staves
 a - a staff of fire (weapon)
Jewellery
 J - an amulet of magic regeneration (around neck)
 P - a ring of magical power (left branch)
Scrolls
 d - a scroll of summoning {unknown}
 e - a scroll of enchant weapon {unknown}
 i - a scroll of vulnerability {unknown}
 m - a scroll of noise {unknown}
 o - a scroll of fog
 p - 3 scrolls of amnesia
Potions
 f - 2 potions of lignification
 g - a potion of attraction
 j - 3 potions of curing
 l - a potion of might {unknown}


   Skills:
 - Level 2.4 Dodging
 - Level 5.0 Stealth
 - Level 3.0 Spellcasting
 + Level 6.7 Conjurations
 + Level 7.0 Fire Magic


You had 4 spell levels left.
You knew the following spells:

 Your Spells              Type           Power      Damage    Failure   Level
e - Conjure Flame         Conj/Fire      50%        6-21      2%          3
f - Sticky Flame          Conj/Fire      50%        2d7       8%          4
z - Foxfire               Conj/Fire      100%       2x1d9     1%          1

Your spell library contained the following spells:

 Spells                   Type           Power      Damage    Failure   Level
 Shock                    Conj/Air       72%        1d7       3%          1
 Magic Dart               Conj           100%       1d8       1%          1
 Inner Flame              Hex/Fire       28%        N/A       9%          3
 Animate Skeleton         Necr           6%         N/A       12%         1
 Freeze                   Ice            12%        1d4       12%         1
 Pain                     Necr           12%        1d4       12%         1
 Mephitic Cloud           Conj/Pois/Air  13%        N/A       14%         3
 Blink                    Tloc           N/A        N/A       19%         2
 Call Imp                 Summ           3%         N/A       19%         2
 Slow                     Hex            3%         N/A       19%         2
 Hailstorm                Conj/Ice       18%        3d6       30%         4
 Frozen Ramparts          Ice            6%         1d2       36%         3
 Ozocubu's Armour         Ice            3%         N/A       36%         3
 Vampiric Draining        Necr           1%         2d6       36%         3
 Animate Dead             Necr           1%         N/A       77%         4
 Fireball                 Conj/Fire      25%        3d11      21%         5
 Agony                    Necr           3%         N/A       98%         5
 Metabolic Englaciation   Hex/Ice        1%         N/A       98%         5


Dungeon Overview and Level Annotations

Branches:
Dungeon (7/15)             Temple (1/1) D:5

Altars:
Cheibriados
Elyvilon
Makhleb
Qazlal
Sif Muna
Vehumet
Xom

Shops:
D:1 (

Annotations:
D:3 3 runed translucent doors, PeterLawrence's ghost, amateur MiFi; Sigmund
D:6 exclusion: electric eel


Message History

The white ugly thing is moderately wounded.
Casting: Foxfire (safe; 1% risk of failure)
Confirm with . or Enter, or press ? or * to list all spells.
You feel a surge of power!
You conjure some foxfire!
The foxfire hits the white ugly thing but does no damage.
The white ugly thing is moderately wounded.
The foxfire hits the white ugly thing but does no damage.
The white ugly thing is moderately wounded.
As you read the scroll of fear, it crumbles to dust.
You assume a fearsome visage.
The white ugly thing easily resists.
The foxfire hits the white ugly thing.
The white ugly thing is moderately wounded.
The foxfire hits the white ugly thing.
The white ugly thing is moderately wounded.
Casting: Foxfire (safe; 1% risk of failure)
Confirm with . or Enter, or press ? or * to list all spells.
The spell is quite dangerous to cast (8% risk of failure)!
Continue anyway?
Aiming: Sticky Flame (quite dangerous; 8% risk of failure)
Press: ? - help, Shift-Dir - straight line, f - white ugly thing
Aim: a white ugly thing (moderately wounded, 100% to hit)
You feel a surge of power!
The sticky flame hits the white ugly thing!
The white ugly thing is moderately wounded.
The white ugly thing is covered in liquid flames!
The white ugly thing burns!
The white ugly thing bites you! The white ugly thing freezes you!!
Ouch! That really hurt!
* * * LOW HITPOINT WARNING * * *
The white ugly thing burns!
Okay, then.
Really quaff the potion of lignification?
You turn into a tree.
Your +0 pair of gloves melds into your body.
Your +0 robe melds into your body.
Your roots penetrate the ground.
The white ugly thing burns!
The white ugly thing bites you but does no damage.
You feel better.
The white ugly thing burns!
The white ugly thing bites you.
* * * LOW HITPOINT WARNING * * *
The white ugly thing freezes you!
You die...

#####...##.# ##...#
###.# ............#
##### #..##
..........### #..#
#####...#...##
#.### #..###...# ##
#... ##..## #..#
#...# #..#
####''#### ...
##.......♣##
##........u.##
#............#
#..............#
#................#
..................#
..................#
......$⌠..⌠.......#
..................#


You could see a white ugly thing (burning).

Vanquished Creatures
  2 ogres (D:5)
  3 scorpions
  A gnoll sergeant (D:6)
  A howler monkey (D:5)
  A jelly (D:4)
  A centaur zombie (D:5)
  2 hounds (D:6)
  A bullfrog skeleton (D:5)
  2 iguanas
  Jessica (D:2)
  A scorpion zombie (D:5)
  A killer bee zombie (D:7)
  A howler monkey zombie (D:5)
  4 adders
  4 gnolls
  2 shadow imps
  2 white imps
  An ufetubus (D:6)
  2 adder skeletons (D:4)
  9 orcs
  5 ball pythons
  8 endoplasms
  2 giant cockroaches
  7 goblins
  17 hobgoblins
  6 kobolds
  3 quokkas
  2 bats
  2 frilled lizards
  2 rats
96 creatures vanquished.

Vanquished Creatures (others)
  An orc (D:4)
  344 foxfires
  8 plants (D:4)
353 creatures vanquished.

Grand Total: 449 creatures vanquished

Notes
Turn   | Place    | Note
-------+----------+-------------------------------------------
     0 | D:1      | ipx the Deep Elf Fire Elementalist began the quest for the
                  | Orb.
     0 | D:1      | Reached XP level 1. HP: 10/10 MP: 6/6
    18 | D:1      | Found Yzerpheho's Antique Weapon Boutique.
   146 | D:1      | Reached XP level 2. HP: 15/15 MP: 2/8
   351 | D:2      | Noticed Jessica
   358 | D:2      | Killed Jessica
   359 | D:2      | Reached XP level 3. HP: 19/19 MP: 9/9
   363 | D:2      | Learned a level 3 spell: Conjure Flame
   634 | D:2      | Reached XP level 4. HP: 24/24 MP: 10/10
   686 | D:3      | Found a runed translucent gate.
   686 | D:3      | Found a runed translucent gate.
   686 | D:3      | Found a runed translucent gate.
   686 | D:3      | Noticed a kobold brigand
   686 | D:3      | Noticed PeterLawrence's ghost (amateur MiFi)
   764 | D:3      | Noticed Sigmund
   845 | D:3      | Reached skill level 4 in Fire Magic
  1102 | D:4      | Reached XP level 5. HP: 28/28 MP: 11/11
  1111 | D:4      | Learned a level 4 spell: Sticky Flame
  1200 | D:4      | Found a shimmering altar of Xom.
  1234 | D:5      | Entered Level 5 of the Dungeon
  1291 | D:5      | Noticed an ogre
  1302 | D:5      | Killed an ogre
  1303 | D:5      | Reached skill level 5 in Stealth
  1303 | D:5      | Reached XP level 6. HP: 32/32 MP: 12/12
  1364 | D:5      | Reached skill level 5 in Fire Magic
  1516 | D:5      | Reached skill level 5 in Conjurations
  1518 | D:5      | Found a staircase to the Ecumenical Temple.
  1527 | Temple   | Entered the Ecumenical Temple
  1558 | Temple   | Became a worshipper of Vehumet
  1680 | D:5      | Reached XP level 7. HP: 31/36 MP: 13/13
  1790 | D:6      | Reached skill level 6 in Fire Magic
  1912 | D:6      | Reached * piety under Vehumet
  1912 | D:6      | Offered knowledge of Shock by Vehumet.
  2320 | D:7      | Reached skill level 7 in Fire Magic
  2335 | D:7      | Noticed a white ugly thing
  2335 | D:7      | Noticed a two-headed ogre
  2353 | D:7      | Slain by a white ugly thing

Illustrated notes

Levels and vault maps discovered:
D:1:      eino_arrival_tree_alley, layout_basic, serial_shops,
          nicolae_shop_overgrown_old_shop, serial_aquarium,
          aquarium_bridge_island_small [aquarium_subvault_small_water,
          aquarium_subvault_bridge, aquarium_subvault_bridge,
          aquarium_subvault_window, aquarium_subvault_bridge],
          aquarium_window_fake, aquarium_window_fake,
          aquarium_window_corridor_2, aquarium_view_2b, aquarium_view_2c,
          aquarium_pool_2, minmay_misc_feat_chi, minmay_tromino_v4_b
D:2:      layout_basic, uniq_jessica
D:3:      layout_basic, gammafunk_ghost_nasty_kobolds, uniq_sigmund
D:4:      wad_lake_hut, layout_loops_cross, xom_confusion_cloud,
          serial_bayou_pond_d, roderic_st_hans_cross
D:5:      layout_loops_ring, minmay_temple_entry_waves, chequers_avenue,
          kennysheep_doodads, minmay_increasing_density
D:6:      layout_basic, minivault_27, serial_bayou_ford_a, sigmund_army
D:7:      kennysheep_big_flooded_room, layout_layer_cave, grunt_decor_arrowhead
Temple:   roderic_octagonal_lattice_temple

Skill      XL: |  1  2  3  4  5  6  7 |
---------------+----------------------+-----
Conjurations   | 2 3 4 5 6 |  6.7
Stealth        | 3 4 5 |  5.0
Fire Magic     | 4 5 7 |  7.0
Dodging        | |  2.4
Spellcasting   | |  3.0

Action                   |  1- 3 |  4- 6 |  7- 9 || total
-------------------------+-------+-------+-------++-------
Melee: Short sword       |       |     1 |       ||     1
 Cast: Foxfire           |    49 |   107 |    68 ||   224
       Conjure Flame     |       |     1 |     2 ||     3
       Sticky Flame      |       |       |     4 ||     4
  Use: Scroll            |       |     3 |     5 ||     8
       Potion            |       |       |     2 ||     2
Armor: Robe              |     1 |       |     3 ||     4
       Skin              |       |       |     1 ||     1
Dodge: Dodged            |       |     3 |    10 ||    13

Table legend: (Time is in decaauts)
 A = Elapsed time spent in this place.
 B = Non-inter-level travel time spent in this place.
 C = Inter-level travel time spent in this place.
 D = Time resting spent in this place.
 E = Time spent auto-exploring this place.
 F = Levels seen in this place.
 G = Mean time per level.
                   A        B        C        D        E       F      G
               +--------+--------+--------+--------+--------+-----+--------+
         Total |   2386 |   2341 |     45 |      0 |      0 |   8 |  298.2 |
       Dungeon |   2329 |   2284 |     45 |      0 |      0 |   7 |  332.7 |
        Temple |     56 |     56 |      0 |      0 |      0 |   1 |   56.0 |
               +--------+--------+--------+--------+--------+-----+--------+

Top non-repeatable levels by time:
     D:5: 481 daAuts
     D:6: 450 daAuts
     D:4: 397 daAuts
     D:2: 325 daAuts
     D:1: 322 daAuts
     D:3: 221 daAuts
     D:7: 130 daAuts
  Temple: 56 daAuts
